 Dungeon Crawl Stone Soup version 0.27.0-65-ge2af304b15 (webtiles) character file.

Game seed: 10796059654466545130

35896 Naeght the Impaler (level 13, -4/109 HPs)
             Began as a Merfolk Gladiator on Aug 18, 2021.
             Was an Elder of the Shining One.
             Killed from afar by a swamp worm (8 damage)
             ... with a harpoon shot
             ... on level 3 of the Lair of Beasts on Aug 19, 2021.
             The game lasted 01:13:00 (21215 turns).

Naeght the Impaler (Merfolk Gladiator)             Turns: 21215, Time: 01:13:01

Health: -4/109     AC: 12    Str: 16    XL:     13   Next: 86%
Magic:  16/16      EV: 10    Int: 16    God:    the Shining One [****..]
Gold:   961        SH:  0    Dex: 16    Spells: 9/12 levels left

rFire    . . .     SeeInvis .   w - +4 glaive (freeze)
rCold    . . .     Faith    .   (shield currently unavailable)
rNeg     + + .     Spirit   .   u - +0 steam dragon scales
rPois    .         Reflect  +   c - +0 helmet
rElec    .         Harm     .   N - +0 cloak
rCorr    .         Rampage  .   l - +0 pair of gloves
Will     .....                  (no boots)
Stlth    +.........             Q - amulet of reflection
HPRegen  0.28/turn              g - +4 ring of protection
MPRegen  0.15/turn              R - ring of Nach {Int+6 Slay+6}

@: lethally poisoned (-4 -> -44), attractive, held, slowed, glowing, very slow
A: (nimble swimmer 2), mertail
a: Renounce Religion, Divine Shield, Cleansing Flame


You were on level 3 of the Lair of Beasts.
You worshipped the Shining One.
The Shining One was greatly pleased with you.
You visited 3 branches of the dungeon, and saw 16 of its levels.
You also visited: Ossuary and Gauntlet.

You collected 961 gold pieces.

Inventory:

Hand Weapons
 w - a +4 glaive of freezing (weapon)
 Y - a +1 trident of venom
Missiles
 d - 3 throwing nets
 D - 5 javelins
 K - 12 poisoned darts (quivered)
 Z - 6 silver javelins
Armour
 c - a +0 helmet (worn)
 l - a +0 pair of gloves (worn)
 u - +0 steam dragon scales (worn)
 N - a +0 cloak (worn)
Jewellery
 g - a +4 ring of protection (left hand)
 s - a ring of protection from fire
 Q - an amulet of reflection (around neck)
 R - the ring of Nach (right hand) {Int+6 Slay+6}
   (You took it off a minotaur in a Gauntlet)

   [ring of intelligence]

   Int:       It affects your intelligence (+6).
   Slay:      It affects your accuracy & damage with ranged weapons and melee
   (+6).
Wands
 a - a wand of polymorph (27)
 q - a wand of acid (18)
 v - a wand of charming (6)
 F - a wand of digging (3)
 I - a wand of iceblast (14)
 X - a wand of paralysis (9)
Scrolls
 b - 4 scrolls of amnesia
 e - a scroll of fog
 h - 7 scrolls of teleportation
 i - 3 scrolls of vulnerability
 m - 4 scrolls of fear
 o - 4 scrolls of immolation
 y - a scroll of brand weapon
 C - 2 scrolls of enchant weapon
 E - 5 scrolls of enchant armour
 G - 2 scrolls of magic mapping
 T - a scroll of holy word
Potions
 f - 4 potions of heal wounds
 j - a potion of cancellation {unknown}
 k - 2 potions of lignification {unknown}
 n - 3 potions of brilliance
 r - 5 potions of haste
 t - a potion of mutation {unknown}
 x - 4 potions of flight {unknown}
 z - 4 potions of curing
 B - 3 potions of might
 V - a potion of ambrosia {unknown}
Miscellaneous
 M - a phial of floods (inert)
 W - a phantom mirror (inert)


   Skills:
 + Level 12.8 Fighting
 * Level 19.7 Polearms
 - Level 2.0 Throwing
 - Level 1.9 Armour
 + Level 14.7 Dodging
 + Level 4.2 Air Magic
 - Level 5.0 Invocations


You had 9 spell levels left.
You knew the following spells:

 Your Spells              Type           Power      Damage    Failure   Level
a - Swiftness             Air            13%        N/A       13%         3

Your spell library contained the following spells:

 Spells                   Type           Power      Damage    Failure   Level
 Shock                    Conj/Air       24%        1d4       11%         1
 Airstrike                Air            6%         N/A       41%         4


Dungeon Overview and Level Annotations

Branches:
Dungeon (10/15)            Temple (1/1) D:7            Lair (5/6) D:8
 Shoals (0/4) Lair:4        Snake (0/4) Lair:3        Slime (0/5) Lair:5
    Orc (0/2) D:9         Ossuary (visited)         Gauntlet (visited)

Altars:
Ashenzari
Cheibriados
Dithmenos
Elyvilon
Fedhas
Gozag
Hepliaklqana
Kikubaaqudgha
Makhleb
Nemelex Xobeh
Okawaru
Qazlal
Ru
Sif Muna
Trog
Uskayaw
Vehumet
Wu Jian
Xom
Yredelemnul
Zin
The Shining One
Beogh

Shops:
D:1 [   D:10 :

Annotations:
D:3 2 transporters
Lair:3 1 transporter


Innate Abilities, Weirdness & Mutations

((You are quick and stealthy near water. (Stealth+, EV+, Speed+++)))
Your lower body shifts to a powerful aquatic tail in water.


Message History

The swamp worm is almost dead.
The swamp worm fires a harpoon shot at you.
The harpoon shot hits you!!
You are yanked forward by the harpoon shot.
You collide with the briar patch!
The swamp worm fires a harpoon shot at you.
The harpoon shot hits you!
You are yanked forward by the harpoon shot.
You collide with the briar patch!
The swamp worm completely misses you.
Blink to where?
Press: ? - help, Dir - move target Really blink into that cloud of foul pestilence?
As you read the scroll of blinking, it crumbles to dust.
You are engulfed in dark miasma.
You are poisoned.
You feel extremely sick.
The swamp worm fires a harpoon shot at you.
The harpoon shot misses you.
The swamp worm fires a harpoon shot at you.
The harpoon shot hits you!
* * * LOW HITPOINT WARNING * * *
You are yanked forward by the harpoon shot.
You collide with the briar patch!
* * * LOW HITPOINT WARNING * * *
The swamp worm is pulled toward you! x2
You open the door.
You are engulfed in dark miasma.
You are more poisoned.
You feel yourself slow down.
* * * LOW HITPOINT WARNING * * *
x2 You feel extremely sick.
The swamp worm is engulfed in dark miasma.
The swamp worm is poisoned.
The swamp worm fires a harpoon shot at you.
The harpoon shot hits you.
* * * LOW HITPOINT WARNING * * *
You are yanked forward by the harpoon shot.
You become entangled in the net!
The swamp worm fires a harpoon shot at you.
The harpoon shot hits you!
You die...

..#....#..#..#####.........##....
......P.......#####........##....
..#......###..P#.#..##....##.###.
...#......##..............#### ##
.........P###.#########...# #
...P..........#.#w#w#♣#...# #
...#.......####≈≈§#§≈§##..# #
...........#=[#PPP○PPPP#..##### #
..#.....PP©#©('○@w^^^§©#©..##.# #
...........#[$#PPwPPPPP#....P.###
...........####≈≈#≈≈≈≈##.......).
.....†........##w#♣#.##....#.....
#<.P..#.......#########...####..#
##........................## #.##
#....#....................# ####
##.............#....#....####..#
#..............#^....#.#####....


You could see 5 swamp worms.

Vanquished Creatures
  A minotaur (Gauntlet)
  2 hydras
  2 boulder beetles (Lair:2)
  Erica (D:10)
  4 two-headed ogres
  Urug (D:10)
  A soul eater (Gauntlet)
  A moth of wrath (Gauntlet)
  A gargoyle (D:10)
  2 torpor snails
  7 black mambas
  5 cane toads
  An unseen horror (D:10)
  3 rime drakes
  Maggie (D:10)
  6 komodo dragons
  4 polar bears
  3 hornets
  11 blink frogs
  2 dream sheep (Lair:2)
  4 flying skulls (Gauntlet)
  2 redbacks (Gauntlet)
  A vampire (D:8)
  A spriggan (Lair:1)
  29 yaks
  2 wyverns (Lair:4)
  A wraith (D:10)
  A basilisk (Lair:2)
  4 steam dragons
  21 water moccasins
  3 ice beasts
  3 sky beasts (D:7)
  4 black bears
  An orc warrior (D:7)
  A necrophage (D:3)
  20 wolves
  4 centaurs
  A phantom (D:4)
  A kobold brigand (D:10)
  14 bullfrogs
  Blork the orc (D:6)
  A wyvern zombie (D:7)
  A wight (D:9)
  4 centaur zombies
  5 orc priests
  7 hounds
  4 jellies
  A centaur skeleton (D:4)
  A gnoll shaman (D:7)
  2 human zombies (Ossuary)
  A bullfrog skeleton (D:5)
  Jessica (D:2)
  8 hell rats
  4 iguanas
  2 scorpion zombies (D:5)
  6 orc wizards
  A killer bee zombie (D:8)
  A hound skeleton (D:4)
  4 mummies (Ossuary)
  2 howler monkey zombies
  16 gnolls
  5 adders
  4 shadow imps (Gauntlet)
  7 worms
  4 dart slugs
  25 orcs
  A bat (D:1)
  10 endoplasms
  2 giant cockroaches (D:1)
  3 goblins
  8 hobgoblins
  11 jackals
  8 kobolds
  4 quokkas
  4 ball pythons
  10 frilled lizards
  3 gnoll zombies (Ossuary)
  A goblin zombie (Ossuary)
  An orc zombie (Ossuary)
  4 rats
365 creatures vanquished.

Vanquished Creatures (collateral kills)
  2 hydras
2 creatures vanquished.

Vanquished Creatures (others)
  A demonic plant (Gauntlet)
  9 fungi
  31 plants
41 creatures vanquished.

Grand Total: 408 creatures vanquished

Notes
Turn   | Place    | Note
-------+----------+-------------------------------------------
     0 | D:1      | Naeght the Merfolk Gladiator began the quest for the Orb.
     0 | D:1      | Reached XP level 1. HP: 16/16 MP: 1/1
    38 | D:1      | Reached skill level 5 in Polearms
    38 | D:1      | Reached XP level 2. HP: 12/22 MP: 2/2
   265 | D:1      | Found Kekhlohox's Antique Armour Shoppe.
   494 | D:1      | Reached skill level 6 in Polearms
   494 | D:1      | Reached XP level 3. HP: 27/27 MP: 3/3
   994 | D:1      | Found a faded altar of an unknown god.
  1198 | D:2      | Reached skill level 7 in Polearms
  1198 | D:2      | Reached XP level 4. HP: 32/33 MP: 4/4
  1655 | D:2      | Noticed Jessica
  1689 | D:2      | Killed Jessica
  1690 | D:2      | Reached skill level 8 in Polearms
  1690 | D:2      | Reached XP level 5. HP: 35/38 MP: 5/5
  2586 | D:3      | Noticed a necrophage
  2598 | D:3      | Killed a necrophage
  2599 | D:3      | Reached skill level 9 in Polearms
  2599 | D:3      | Reached XP level 6. HP: 33/44 MP: 6/6
  2832 | D:3      | Found a transporter.
  3042 | D:2      | Reached skill level 10 in Polearms
  3452 | D:3      | Found a transporter.
  4041 | D:4      | Found a hide-covered altar of Uskayaw.
  4377 | D:4      | Reached XP level 7. HP: 51/51 MP: 7/7
  4502 | D:4      | Reached skill level 5 in Dodging
  4698 | D:4      | Identified the +8 short sword "Gefoozxui" {pain, Dex+5
                  | Stlth-}
  4835 | D:5      | Entered Level 5 of the Dungeon
  4903 | D:5      | Reached skill level 11 in Polearms
  5235 | D:5      | Reached XP level 8. HP: 54/60 MP: 8/8
  5794 | D:6      | Reached skill level 12 in Polearms
  5985 | D:6      | Found a sand-covered staircase.
  5988 | Ossuary  | Entered an ossuary
  6799 | D:6      | Reached skill level 5 in Fighting
  7070 | D:6      | Found an ancient bone altar of Kikubaaqudgha.
  7082 | D:6      | Found a sparkling altar of Nemelex Xobeh.
  7156 | D:6      | Noticed Blork the orc
  7169 | D:6      | Killed Blork the orc
  7170 | D:6      | Reached skill level 13 in Polearms
  7170 | D:6      | Reached XP level 9. HP: 60/68 MP: 9/9
  7959 | D:7      | Found a staircase to the Ecumenical Temple.
  7970 | Temple   | Entered the Ecumenical Temple
  8413 | Temple   | Became a worshipper of the Shining One
  8959 | D:7      | Found a white marble altar of Elyvilon.
  8982 | D:7      | Reached skill level 14 in Polearms
  9586 | D:8      | Found a staircase to the Lair.
  9601 | D:8      | Noticed a hornet
  9618 | D:8      | Killed a hornet
 10244 | D:8      | Noticed a two-headed ogre
 10260 | D:8      | Killed a two-headed ogre
 10261 | D:8      | Reached skill level 10 in Dodging
 10261 | D:8      | Reached XP level 10. HP: 65/81 MP: 10/10
 10274 | D:8      | Learned a level 3 spell: Swiftness
 10647 | D:9      | Reached skill level 1 in Air Magic
 11090 | D:9      | Paralysed by a hornet for 3 turns
 11572 | D:9      | Noticed a two-headed ogre
 11574 | D:9      | Reached * piety under the Shining One
 11611 | D:9      | Found a shimmering altar of Xom.
 11630 | D:9      | Killed a two-headed ogre
 12139 | D:8      | Identified a scroll of acquirement
 12139 | D:8      | Acquired a +4 glaive of freezing
 12180 | D:9      | Found a staircase to the Orcish Mines.
 12531 | D:9      | Reached skill level 10 in Fighting
 12674 | D:9      | Found a broken altar of Ashenzari.
 12674 | D:9      | Found a snail-covered altar of Cheibriados.
 12934 | D:10     | Entered Level 10 of the Dungeon
 12937 | D:10     | Noticed a five-headed hydra
 12942 | D:10     | Reached XP level 11. HP: 90/90 MP: 11/11
 12945 | D:10     | Killed a six-headed hydra
 13048 | D:10     | Reached skill level 15 in Polearms
 13051 | D:10     | Noticed a two-headed ogre
 13063 | D:10     | Killed a two-headed ogre
 13340 | D:10     | Found a shadowy altar of Dithmenos.
 13566 | D:10     | Noticed Maggie
 13572 | D:10     | Killed Maggie
 13572 | D:10     | Noticed a two-headed ogre
 13575 | D:10     | Killed a two-headed ogre
 13623 | D:10     | Noticed Erica
 13649 | D:10     | Killed Erica
 13650 | D:10     | Reached skill level 16 in Polearms
 13929 | D:10     | Found Binibb's Book Shop.
 13955 | D:10     | Noticed Urug
 13966 | D:10     | Killed Urug
 14341 | Lair:1   | Entered Level 1 of the Lair of Beasts
 14348 | Lair:1   | Found a gate leading to a gauntlet.
 14363 | Lair:1   | Reached ** piety under the Shining One
 14446 | Gauntlet | Entered a Gauntlet
 14446 | Gauntlet | Found a transporter.
 14446 | Gauntlet | Found a transporter.
 14447 | Gauntlet | Noticed a soul eater
 14462 | Gauntlet | Found a transporter.
 14466 | Gauntlet | Found a transporter.
 14479 | Gauntlet | Found a transporter.
 14483 | Gauntlet | Noticed a soul eater
 14483 | Gauntlet | Found a transporter.
 14486 | Gauntlet | Noticed a moth of wrath
 14488 | Gauntlet | Found a transporter.
 14505 | Gauntlet | Found a runed translucent door.
 14506 | Gauntlet | Found a transporter.
 14506 | Gauntlet | Noticed a wolf spider
 14507 | Gauntlet | Found a runed translucent door.
 14507 | Gauntlet | Noticed a moth of wrath
 14507 | Gauntlet | Reached *** piety under the Shining One
 14523 | Gauntlet | Found a transporter.
 14527 | Gauntlet | Found a transporter.
 14535 | Gauntlet | Found a transporter.
 14539 | Gauntlet | Found a transporter.
 14643 | Gauntlet | Killed a soul eater
 14644 | Gauntlet | Reached XP level 12. HP: 25/100 MP: 12/12
 15166 | Gauntlet | Reached skill level 17 in Polearms
 15515 | Gauntlet | Identified the ring of Nach {Int+6 Slay+6}
 15515 | Gauntlet | Noticed a minotaur
 15599 | Gauntlet | Killed a minotaur
 15821 | Gauntlet | Identified the +8 trident of Debt {pain, rN+ Int-4 SInv}
 16027 | Lair:1   | Found a sparkling altar of Nemelex Xobeh.
 16075 | Lair:1   | Noticed a six-headed hydra
 16141 | Lair:1   | Killed a six-headed hydra
 16256 | Lair:1   | Reached skill level 1 in Invocations
 17184 | Lair:2   | Noticed a boulder beetle
 17187 | Lair:2   | Reached skill level 18 in Polearms
 17196 | Lair:2   | Killed a boulder beetle
 17197 | Lair:2   | Reached skill level 1 in Armour
 17718 | Lair:2   | Noticed a boulder beetle
 17733 | Lair:2   | Killed a boulder beetle
 18210 | Lair:2   | Reached XP level 13. HP: 90/108 MP: 15/15
 18466 | Lair:2   | Reached **** piety under the Shining One
 18684 | Lair:3   | Found a transporter.
 18702 | Lair:3   | Found a transporter.
 19129 | Lair:3   | Found a staircase to the Snake Pit.
 19565 | Lair:4   | Reached skill level 19 in Polearms
 19747 | Lair:4   | Found a staircase to the Shoals.
 20703 | Lair:5   | Reached skill level 5 in Invocations
 20773 | Lair:5   | Found a staircase to the Slime Pits.
 21215 | Lair:3   | HP: 4/109 [swamp worm/harpoon shot (4)]
 21215 | Lair:3   | Killed from afar by a swamp worm

Illustrated notes

Levels and vault maps discovered:
D:1:      tarquinn_simple_flora_water_a, layout_basic,
          dreamdust_ecumenical_altar_statues, serial_shops,
          nicolae_shop_overgrown_old_shop
D:2:      layout_basic, uniq_jessica
D:3:      gammafunk_steamed_eel, layout_rooms, serial_curves, eino_curves_04,
          eino_curves_04
D:4:      layout_loops_ring, mainiacjoe_overflow_24_doors, serial_bayou,
          serial_bayou_lagoon_a, serial_bayou_pond_e, serial_bayou_lake_a,
          serial_bayou_pond_b, serial_bayou_pond_e
D:5:      layout_loops_ring, st_stairs_6
D:6:      layout_loops_cross, mainiacjoe_overflow_paths,
          nicolae_kikubaaqudgha_miasma_corner,
          lightli_ossuary_entry_decrepit_ruins, uniq_blork_the_orc
D:7:      layout_cave_pools, kennysheep_mini_moat, minmay_temple_entry_arrows,
          minmay_misc_feat_tiny, mrwooster_statue_mirror
D:8:      layout_cave_pools, lair_entry_dummy
D:9:      layout_loops_corners, gammafunk_temple_overflow_wave, tgw_xom,
          minmay_orc_entry_temple_small, roderic_lattice_a
D:10:     layout_loops_ring, nicolae_dithmenos_through_a_glass_darkly,
          serial_shops, shop, minmay_misc_feat_doors, uniq_urug, uniq_erica,
          uniq_maggie
Temple:   eino_temple_water
Lair:1:   layout_cave_pods, basic_altar, gauntlet_entry_generic,
          grunt_forest_large_clearing_hut, infiniplex_staircase_pool_2
Lair:2:   layout_hall_layers, beast_lair_carwin_8, grunt_megastairs_5
Lair:3:   gammafunk_worm_tunnel, layout_misc_corridors,
          minmay_snake_entry_six_corridors, nicolae_lair_grove_arrangements
Lair:4:   layout_big_grid, shoals_dummy_entry, minivault_23
Lair:5:   layout_cave_pods, slime_dummy, grunt_megastairs_4, uniq_kirke,
          uniq_rupert

Skill      XL: |  1  2  3  4  5  6  7  8  9 10 11 12 13 |
---------------+----------------------------------------+-----
Polearms       | 5 6 7 8 9 10 11 13 14 16 18 19 | 19.7
Fighting       | 3 5 8 10 11 12 | 12.8
Dodging        | 5 7 10 11 12 13 14 | 14.7
Air Magic      | 2 4 |  4.2
Invocations    | 3 5 |  5.0
Armour         | 1 |  1.9
Throwing       | |  2.0

Action                   |  1- 3 |  4- 6 |  7- 9 | 10-12 | 13-15 || total
-------------------------+-------+-------+-------+-------+-------++-------
Melee: Trident           |    85 |   260 |   572 |   143 |     1 ||  1061
       Tailslap          |       |     1 |     4 |     7 |       ||    12
       Short sword       |       |       |     6 |       |       ||     6
       Glaive            |       |       |       |   349 |   194 ||   543
       Spear             |       |       |       |    13 |       ||    13
Throw: Dart              |       |       |       |    17 |       ||    17
Evoke: Wand              |       |       |     1 |     4 |     6 ||    11
       Phantom mirror    |       |       |       |     2 |     1 ||     3
       Phial of floods   |       |       |       |     1 |       ||     1
  Use: Scroll            |       |       |     9 |     9 |     3 ||    21
       Potion            |       |       |       |     7 |     1 ||     8
 Stab: Sleeping          |     1 |     4 |    10 |       |       ||    15
       Distracted        |       |     2 |       |       |       ||     2
Armor: Leather armour    |    13 |    49 |    56 |       |       ||   118
       Steam dragon scal |       |       |    53 |   103 |    24 ||   180
Dodge: Dodged            |    34 |    93 |   255 |   303 |   127 ||   812
Block: Other             |       |       |       |    32 |    17 ||    49
       Reflection        |       |       |       |       |     1 ||     1
